 Dungeon Crawl Stone Soup version 0.18-a0-1026-ge317a7f (webtiles) character file.

13746 Minnels the Blocker (level 11, 0/99 HPs)
             Began as a Minotaur Fighter on Jan 7, 2016.
             Was the Champion of Makhleb.
             Succumbed to a killer bee's poison
             ... on level 12 of the Dungeon on Jan 8, 2016.
             The game lasted 00:59:51 (10670 turns).

Minnels the Blocker (Minotaur Fighter)             Turns: 10670, Time: 00:59:51

Health: 0/99       AC: 17    Str: 23    XL:     11   Next: 79%
Magic:  10/10      EV:  4    Int:  5    God:    Makhleb [******]
Gold:   454        SH: 12    Dex: 11    Spells: 0 memorised, 10 levels left

rFire  . . .     SeeInvis .     b - +0 flail (holy)
rCold  . . .     Gourm    .     W - +0 plate armour (curse)
rNeg   . . .     Faith    .     c - +0 shield
rPois  .         Spirit   .     (helmet restricted)
rElec  .         Dismiss  .     (no cloak)
rCorr  .         Reflect  .     (no gloves)
SustAt .         Harm     .     (no boots)
MR     .....                    (no amulet)
Stlth  ..........               G - ring of stealth
                                F - +3 ring of protection

@: lethally poisoned (0 -> -46), drained, not resistant to hostile enchantments,
extremely unstealthy
A: retaliatory headbutt, horns 2
a: Minor Destruction, Lesser Servant of Makhleb, Major Destruction, Greater
Servant of Makhleb, Renounce Religion


You were on level 12 of the Dungeon.
You worshipped Makhleb.
Makhleb was exalted by your worship.
You were not hungry.

You visited 1 branch of the dungeon, and saw 13 of its levels.

You collected 559 gold pieces.
You spent 105 gold pieces at shops.

Inventory:

Hand Weapons
 a - a +0 war axe
 b - a +0 flail of holy wrath (weapon)
 g - a +2 falchion of slicing
 J - a +0 broad axe
 K - a +0 dagger of chaos
 O - a +2 great sword of holy wrath
 Q - a cursed -1 mace
 R - a cursed -1 spear
 U - the +9 falchion of Massacring {flame, rElec rC- Int+6, unknown}
   (You found it on level 10 of the Dungeon)

   It has been specially enchanted to burn those struck by it, causing extra
   injury to most foes and up to half again as much damage against particularly
   susceptible opponents.
   Big, fiery blades are also staple armaments of hydra-hunters.
   It affects your intelligence (+6).
   It makes you vulnerable to cold.
   It insulates you from electricity.
Armour
 c - a +0 shield (worn)
 E - a +0 ring mail of cold resistance
 T - a troll hide
 W - a cursed +0 plate armour (worn)
Jewellery
 F - a +3 ring of protection (left hand)
 G - a ring of stealth (right hand)
Wands
 y - a wand of fire (9/15)
 M - a wand of disintegration (17/24)
 N - a wand of slowing (19/48)
Scrolls
 h - a scroll of blinking {unknown}
 j - 2 scrolls of immolation {unknown}
 o - 4 scrolls of fear {unknown}
 p - a scroll of fog
 q - 9 scrolls of identify
 r - 5 scrolls of amnesia {unknown}
 u - 4 scrolls of teleportation {unknown}
 v - a scroll of noise {unknown}
 w - 3 scrolls of enchant weapon {unknown}
 x - 5 scrolls of remove curse
 A - 2 scrolls of random uselessness {unknown}
 D - 3 scrolls of enchant armour {unknown}
 S - a scroll of acquirement {unknown}
 V - a scroll of torment {unknown}
Potions
 d - 5 potions of might
 e - 2 potions of cancellation {unknown}
 i - 4 potions of curing
 l - 3 potions of lignification {unknown}
 m - a potion of invisibility {unknown}
 s - a potion of experience {unknown}
 z - a potion of agility {unknown}
 C - 2 potions of cure mutation {unknown}
 H - a potion of magic {unknown}
 I - 3 potions of poison {unknown}
 P - a potion of brilliance {unknown}
 Z - a potion of haste {unknown}
Books
 B - a book of the Tempests

   Spells                             Type                      Level
   a - Static Discharge               Conjuration/Air              3
   b - Lightning Bolt                 Conjuration/Air              5
   c - Fireball                       Conjuration/Fire             5
   d - Tornado                        Air                          9
   e - Shatter                        Earth                        9
 L - a Young Poisoner's Handbook

   Spells                             Type                      Level
   a - Sting                          Conjuration/Poison           1
   b - Cure Poison                    Poison                       2
   c - Mephitic Cloud                 Conjuration/Poison/Air       3
   d - Olgreb's Toxic Radiance        Poison                       4
   e - Venom Bolt                     Conjuration/Poison           5
Comestibles
 f - 10 bread rations
 n - 4 meat rations
 t - 12 fruits


   Skills:
 + Level 10.1(9.8) Fighting
 + Level 9.2(9.8) Axes
 + Level 6.9(8.8) Maces & Flails
 + Level 9.8(9.5) Armour
 + Level 9.2(8.9) Dodging
 - Level 2.7(2.4) Stealth
 + Level 11.1(10.8) Shields


You had 10 spell levels left.
You didn't know any spells.

Dungeon Overview and Level Annotations

Branches:
Dungeon (13/15)            Temple (0/1) D:4            Lair (0/8) D:11
    Orc (0/2) D:12
 Vaults: D:13-14

Altars:
Fedhas
Makhleb
Nemelex Xobeh
Okawaru
Qazlal
Ru
Sif Muna
Trog
Vehumet
Zin
The Shining One

Shops:
D:5 *

Annotations:
D:11 exclusion: 2 oklob plants


Innate Abilities, Weirdness & Mutations

You reflexively headbutt those who attack you in melee.
You have a pair of horns on your head.


Message History

* * * LOW HITPOINT WARNING * * *
You feel very sick.
The killer bee stings you but does no damage.
The centaur zombie barely misses you. The centaur skeleton hits you.
* * * LOW HITPOINT WARNING * * *
The killer bee stings you.
* * * LOW HITPOINT WARNING * * *
You block the centaur zombie's attack.
* * * LOW HITPOINT WARNING * * *
You feel very sick. You block the killer bee's attack. x2
* * * LOW HITPOINT WARNING * * *
You feel very sick.
The killer bee stings you but does no damage.
The killer bee barely misses you.
You block the centaur skeleton's attack.
There is a stone staircase leading down here.
You can't go up here!
You can't go up here!
You die...

#...........................
............................
............................
..............((............
............................
............................
................<...........
............................
.........@ZZ............§.
..........y)..............
..........................
..........................
...#.................###..
.....#................ #.r
..)....................†.†
.................(........
......................s...


You could see a killer bee, a centaur zombie and a centaur skeleton.

Vanquished Creatures
  A hill giant (D:11)
  Pikel (D:5)
  A deep elf mage (D:12)
  An ugly thing (D:11)
  A cyclops (D:11)
  A manticore (D:9)
  Psyche (D:8)
  A kobold demonologist (D:12)
  A two-headed ogre (D:12)
  3 trolls (D:10)
  Grinder (D:6)
  A shadow (D:11)
  Sigmund (D:2)
  A spriggan (D:9)
  2 humans (D:8)
  2 wyverns
  Eustachio (D:4)
  15 yaks
  A hungry ghost (D:5)
  Grum (D:11)
  3 wolves
  3 hippogriffs
  3 orc warriors
  5 ice beasts
  A slave (D:6)
  8 ogres
  A sky beast (D:10)
  2 phantoms
  3 centaurs
  3 eyes of draining
  Blork the orc (D:4)
  3 big kobolds
  4 giant frogs
  A water moccasin skeleton (D:10)
  5 scorpions (D:11)
  7 killer bees
  A wasp zombie (D:11)
  4 crimson imps
  3 centaur zombies
  6 hounds
  A giant frog skeleton (D:5)
  A jelly (D:13)
  5 orc priests
  5 orc wizards
  A gnoll shaman (D:6)
  Jessica (D:3)
  2 centaur skeletons
  7 iguanas
  11 worker ants
  A killer bee zombie (D:5)
  A hound skeleton (D:9)
  3 worker ant zombies
  13 gnolls
  10 adders
  5 shadow imps
  3 oozes
  An adder skeleton (D:4)
  A worm (D:2)
  5 giant geckos
  22 orcs
  8 giant cockroaches
  4 goblins
  8 hobgoblins
  7 jackals
  19 kobolds
  3 quokkas
  A ball python (D:2)
  11 bats
  2 giant gecko skeletons (D:5)
  A giant gecko zombie (D:6)
  3 giant newts
  A quokka skeleton (D:9)
  11 rats
283 creatures vanquished.

Vanquished Creatures (others)
  2 fungi (D:11)
2 creatures vanquished.

Grand Total: 285 creatures vanquished

Notes
Turn   | Place    | Note
--------------------------------------------------------------
     0 | D:1      | Minnels the Minotaur Fighter began the quest for the Orb.
     0 | D:1      | Reached XP level 1. HP: 19/19 MP: 0/0
   120 | D:1      | Reached XP level 2. HP: 27/27 MP: 1/1
   151 | D:1      | Reached skill level 4 in Armour
   664 | D:2      | Found a faded altar to an unknown god.
   670 | D:2      | Reached XP level 3. HP: 33/33 MP: 2/2
   682 | D:2      | Became a worshipper of Makhleb the Destroyer
   682 | D:2      | Reached * piety under Makhleb
   682 | D:2      | Found a sparkling altar of Nemelex Xobeh.
   938 | D:2      | Noticed Sigmund
   949 | D:2      | Killed Sigmund
   949 | D:2      | Reached skill level 5 in Fighting
   949 | D:2      | Reached skill level 1 in Dodging
   949 | D:2      | Reached XP level 4. HP: 30/42 MP: 3/3
   949 | D:2      | Reached XP level 5. HP: 34/48 MP: 4/4
  1071 | D:2      | Reached ** piety under Makhleb
  1584 | D:3      | Noticed Jessica
  1586 | D:3      | Killed Jessica
  1808 | D:3      | Reached XP level 6. HP: 56/56 MP: 5/5
  1916 | D:4      | Found a staircase to the Ecumenical Temple.
  1920 | D:4      | Reached skill level 5 in Armour
  1952 | D:4      | Reached skill level 5 in Shields
  1955 | D:4      | Noticed Eustachio
  1980 | D:4      | Killed Eustachio
  1980 | D:4      | Reached skill level 5 in Axes
  1980 | D:4      | Reached skill level 1 in Stealth
  1980 | D:4      | Reached XP level 7. HP: 43/61 MP: 6/6
  2024 | D:4      | Noticed Blork the orc
  2036 | D:4      | Killed Blork the orc
  2106 | D:4      | Reached skill level 6 in Fighting
  2277 | D:4      | Found a stormy altar of Qazlal.
  2439 | D:5      | Entered Level 5 of the Dungeon
  2490 | D:5      | Reached *** piety under Makhleb
  2547 | D:5      | Reached XP level 8. HP: 70/70 MP: 7/7
  2601 | D:5      | Found Osuok's General Store.
  2605 | D:5      | Found a blossoming altar of Fedhas.
  2631 | D:5      | Bought a scroll of remove curse for 45 gold pieces
  2631 | D:5      | Bought a scroll of identify for 30 gold pieces
  2631 | D:5      | Bought a scroll of fog for 30 gold pieces
  2758 | D:5      | Reached skill level 7 in Armour
  3392 | D:6      | Reached **** piety under Makhleb
  3785 | D:6      | Noticed Grinder
  3790 | D:6      | Paralysed by Grinder for 5 turns
  3799 | D:6      | Noticed Pikel
  3830 | D:6      | HP: 1/73 [something/puff of flame (8)]
  4451 | D:5      | Killed Pikel
  4451 | D:5      | Reached XP level 9. HP: 70/79 MP: 8/8
  4471 | D:6      | Paralysed by Grinder for 2 turns
  4476 | D:6      | Killed Grinder
  4476 | D:6      | Reached skill level 5 in Dodging
  4734 | D:6      | Found a stormy altar of Qazlal.
  4859 | D:7      | Found a sacrificial altar of Ru.
  5060 | D:7      | Reached skill level 8 in Shields
  5499 | D:8      | Found a glowing golden altar of the Shining One.
  5556 | D:8      | Reached ***** piety under Makhleb
  5657 | D:8      | Found a radiant altar of Vehumet.
  5658 | D:8      | Found a bloodstained altar of Trog.
  5684 | D:8      | Noticed Psyche
  5701 | D:8      | Killed Psyche
  5701 | D:8      | Reached XP level 10. HP: 69/88 MP: 9/9
  5856 | D:8      | Found an iron altar of Okawaru.
  5973 | D:8      | Reached skill level 9 in Shields
  6282 | D:9      | Found a deep blue altar of Sif Muna.
  6489 | D:9      | Noticed a manticore
  6503 | D:9      | Killed a manticore
  6999 | D:10     | Entered Level 10 of the Dungeon
  7148 | D:10     | Reached skill level 1 in Maces & Flails
  7246 | D:10     | Got a transparent falchion
  8191 | D:11     | Reached skill level 10 in Shields
  8199 | D:11     | Reached XP level 11. HP: 50/97 MP: 10/10
  8986 | D:11     | Found a glowing silver altar of Zin.
  9017 | D:11     | Reached skill level 5 in Maces & Flails
  9033 | D:11     | Found a staircase to the Lair.
  9033 | D:11     | Noticed an oklob plant
  9037 | D:11     | Noticed an oklob plant
  9207 | D:11     | Noticed a hill giant
  9221 | D:11     | Killed a hill giant
  9293 | D:11     | Noticed Grum
  9303 | D:11     | Reached ****** piety under Makhleb
  9309 | D:11     | Killed Grum
  9335 | D:11     | Noticed a cyan ugly thing
  9355 | D:11     | Killed a cyan ugly thing
  9657 | D:12     | Found a staircase to the Orcish Mines.
  9729 | D:12     | Noticed a deep elf mage
  9790 | D:11     | Reached skill level 10 in Fighting
  9999 | D:12     | Noticed a soul eater
 10024 | D:13     | Reached skill level 11 in Shields
 10274 | D:12     | Noticed a soul eater
 10294 | D:12     | HP: 3/99 [manticore/volley of spikes (3)]
 10659 | D:12     | Killed a deep elf mage
 10669 | D:12     | HP: 4/99 [poisoned by a killer bee]
 10670 | D:12     | Succumbed to a killer bee's poison

Vault maps used:
D:1:      saegor_arrival_simple_b, minmay_misc_feat_ornament,
          minmay_misc_feat_iff, minmay_crystal_room, minmay_stone_trees_medium
D:2:      nemelex_xobeh_ov_fountains_minmay, ecumenical_altar_2,
          kennysheep_generic_room_16, uniq_sigmund
D:3:      first_bread, minmay_misc_feat_enclosed, serial_park_tiny_2,
          uniq_jessica
D:4:      nicolae_qazlal_general_emergency, uniq_eustachio, uniq_blork_the_orc
D:5:      fedhas_altar_2, serial_shops, shop, kennysheep_generic_room_11
D:6:      marbit_many_paths, uniq_pikel, uniq_grinder
D:7:      basic_altar
D:8:      okawaru_humans, minitemple, uniq_psyche
D:9:      old_standard_altar, the_bakery
D:10:     st_stairs_1
D:11:     old_forge, dpeg_oklobed_lair, basic_altar, uniq_grum
D:12:     orc_0_dummy
D:13:     david_vaults_2, grunt_pakellas_basics

Action                   |  1- 3 |  4- 6 |  7- 9 | 10-12 || total
-------------------------+-------+-------+-------+-------++-------
Melee: War axe           |    77 |    56 |   375 |    87 ||   595
       Flail             |       |       |       |   502 ||   502
  Use: Scroll            |       |       |     4 |       ||     4
       Potion            |       |       |     1 |     5 ||     6
 Stab: Sleeping          |       |       |     4 |     3 ||     7
  Eat: Chunk             |       |     3 |    14 |    13 ||    30
       Beef jerky        |       |       |     1 |     1 ||     2
       Fruit             |       |       |       |     1 ||     1
       Pizza             |       |       |       |     1 ||     1
